 Dungeon Crawl Stone Soup version 0.27-a0-170-g607d9e9d85 (webtiles) character file.

Game seed: 6794090242920136019

39 shakesphere1979 the Ducker (level 3, 0/28 HPs)
             Began as a Merfolk Gladiator on Jan 28, 2021.
             Slain by a worm (8 damage)
             ... on level 2 of the Dungeon.
             The game lasted 00:02:12 (1549 turns).

shakesphere1979 the Ducker (Merfolk Gladiator)      Turns: 1549, Time: 00:02:13

Health: 0/28       AC:  4    Str: 15    XL:     3   Next: 45%
Magic:  3/3        EV: 14    Int:  7    God:
Gold:   55         SH:  0    Dex: 15    Spells: 2/2 levels left

rFire    . . .     SeeInvis .   a - +0 trident
rCold    . . .     Faith    .   (no shield)
rNeg     . . .     Spirit   .   b - +0 leather armour
rPois    .         Reflect  .   c - +0 helmet
rElec    .         Harm     .   (no cloak)
rCorr    .         Rampage  .   (no gloves)
Will     .....                  (no boots)
Stlth    ++........             (no amulet)
HPRegen  0.09/turn              (no ring)
MPRegen  0.08/turn              (no ring)

@: no status effects
A: change form in water, swift swim, stealthy swim
a: no special abilities


You were on level 2 of the Dungeon.
You visited 1 branch of the dungeon, and saw 2 of its levels.

You collected 55 gold pieces.

Inventory:

Hand Weapons
 a - a +0 trident (weapon)
Missiles
 d - 3 throwing nets (quivered)
 l - 45 sling bullets
 m - 17 poisoned darts
 o - 4 boomerangs
Armour
 b - a +0 leather armour (worn)
 c - a +0 helmet (worn)
Jewellery
 i - an uncursed ring of wizardry {unknown}
 n - an uncursed amulet of regeneration {unknown}
 q - an uncursed amulet of reflection {unknown}
Scrolls
 f - a scroll of noise {unknown}
 g - a scroll of identify {unknown}
 j - a scroll of amnesia {unknown}
 k - 2 scrolls of magic mapping {unknown}
Potions
 e - a potion of mutation {unknown}
 h - 2 potions of haste {unknown}
 p - a potion of curing {unknown}


   Skills:
 + Level 2.7 Fighting
 - Level 4.4 Polearms
 + Level 2.5 Throwing
 + Level 4.5 Dodging
 + Level 1.5 Stealth


You had 2 spell levels left.
You didn't know any spells.
Your spell library was empty.

Dungeon Overview and Level Annotations

Branches:
Dungeon (2/15)

Altars:
Zin


Message History

* * * LOW HITPOINT WARNING * * *
The goblin unwields a +0 hunting sling.
The goblin wields a +0 dagger.
The goblin barely misses you.
Things that are here:
a +0 club; 17 poisoned darts; 11 gold pieces You barely miss the goblin.
The goblin misses you.
You puncture the goblin!
You kill the goblin!
The worm closely misses you.
Things that are here:
a +0 dagger; a +0 hunting sling; 25 stones You barely miss the worm.
The worm barely misses you.
You hit the worm but do no damage. You hit the worm.
The worm is moderately wounded.
The worm misses you.
You hit the worm.
The worm is moderately wounded.
The worm bites you!
You die...

####...# #......###+##
#..<.....>..# #...^......)#
#...........# #########
#.÷.........# #.......#
#......#+#+## ########.......##
##'#'#÷#.#.#####.......>........
#.#[#.<......)@w†..............
#.#.###.#.##############.......
#.#.....#.# #...###.
###.#######.# ##### #
............# ## .#.##########
#. .#.# ###. .#.# #... .#.# #...


You could see a worm.

Vanquished Creatures
  An adder (D:2)
  2 bats (D:2)
  2 giant cockroaches (D:2)
  4 goblins
  3 hobgoblins
  11 kobolds
  5 rats
28 creatures vanquished.

Vanquished Creatures (others)
  5 plants (D:1)
5 creatures vanquished.

Grand Total: 33 creatures vanquished

Notes
Turn   | Place    | Note
-------+----------+-------------------------------------------
     0 | D:1      | shakesphere1979 the Merfolk Gladiator began the quest for
                  | the Orb.
     0 | D:1      | Reached XP level 1. HP: 16/16 MP: 1/1
   797 | D:1      | Reached XP level 2. HP: 21/23 MP: 2/2
   812 | D:1      | Reached skill level 1 in Stealth
  1071 | D:2      | Found a glowing silver altar of Zin.
  1276 | D:2      | Reached XP level 3. HP: 12/28 MP: 3/3
  1549 | D:2      | Slain by a worm

Illustrated notes

Levels and vault maps discovered:
D:1:      dpeg_arrival_solitude, layout_loops_ring, lexackson_kobold_supper
D:2:      layout_basic, zin_academy, kennysheep_generic_room_3

Skill      XL: |  1  2 |
---------------+-------+-----
Stealth        | 1 |  1.5
Fighting       | |  2.7
Polearms       | |  4.4
Throwing       | |  2.5
Dodging        | |  4.5

Action                   || total
-------------------------++-------
Melee: Trident           ||    92
 Stab: Sleeping          ||     2
Armor: Leather armour    ||    19
Dodge: Dodged            ||    56

Table legend: (Time is in decaauts)
 A = Elapsed time spent in this place.
 B = Non-inter-level travel time spent in this place.
 C = Inter-level travel time spent in this place.
 D = Time resting spent in this place.
 E = Time spent auto-exploring this place.
 F = Levels seen in this place.
 G = Mean time per level.
                   A        B        C        D        E       F      G
               +--------+--------+--------+--------+--------+-----+--------+
         Total |   1555 |   1477 |     78 |    186 |   1069 |   2 |  777.5 |
       Dungeon |   1555 |   1477 |     78 |    186 |   1069 |   2 |  777.5 |
               +--------+--------+--------+--------+--------+-----+--------+

Top non-repeatable levels by time:
     D:1: 913 daAuts
     D:2: 642 daAuts
